 Dungeon Crawl Stone Soup version 0.30-a0-1094-g860fb061e7 (webtiles) character file.

Game seed: 10320971604075550625

267 Dittersdorf the Shield-Bearer (level 6, -1/39 HPs)
             Began as a Gargoyle Fighter on Apr 17, 2023.
             Constricted to death by Robin (3 damage)
             ... on level 3 of the Dungeon.
             The game lasted 00:03:02 (2398 turns).

Dittersdorf the Shield-Bearer (Gargoyle Fighter)    Turns: 2398, Time: 00:03:02

Health: -1/39      AC: 12    Str: 27    XL:     6   Next: 21%
Magic:  6/6        EV:  6    Int: 15    God:
Gold:   103        SH:  4    Dex:  9    Spells: 5/5 levels left

rFire   + . .      SeeInvis .    a - +0 flail
rCold   + . .      Faith    .    c - +0 buckler
rNeg    + . .      Spirit   .    b - +0 scale mail
rPois   ∞          Reflect  .    (no helmet)
rElec   +          Rampage  .    j - scarf {rC+ rF+}
rCorr   .                        (no gloves)
Will    .....                    v - +0 pair of boots Stlth
                                 (no amulet)
HPRegen 0.26/turn                e - +6 ring of strength
MPRegen 0.10/turn                m - +6 ring of intelligence

@: grasped by roots, constricted
A: sickness immunity, AC +4, negative energy resistance 1, electricity
resistance, torment resistance 1, petrification resistance
a: no special abilities


You were on level 3 of the Dungeon.
You visited 1 branch of the dungeon, and saw 4 of its levels.

You collected 103 gold pieces.

Inventory:

Hand Weapons
 a - a +0 flail (weapon)
Armour
 b - a +0 scale mail (worn)
 c - a +0 buckler (worn)
 f - a +0 crystal plate armour
 j - a scarf of resistance (worn)
 v - a +0 pair of boots (worn)
Jewellery
 e - a +6 ring of strength (left hand)
 m - a +6 ring of intelligence (right hand)
Wands
 d - a wand of flame (9)
 s - a wand of digging (4)
Scrolls
 h - 3 scrolls of immolation {unknown}
 i - 4 scrolls of identify {unknown}
 k - 3 scrolls of teleportation {unknown}
 o - a scroll of enchant weapon {unknown}
 p - a scroll of blinking {unknown}
 r - a scroll of amnesia {unknown}
 t - a scroll of brand weapon {unknown}
Potions
 g - 3 potions of curing {unknown}
 l - a potion of brilliance {unknown}
 n - 3 potions of heal wounds {unknown}
 q - a potion of ambrosia {unknown}
 u - a potion of degeneration {unknown}


   Skills:
 + Level 4.6 Fighting
 + Level 3.5 Maces & Flails
 + Level 4.6 Armour
 + Level 4.6 Shields


You had 5 spell levels left.
You didn't know any spells.
Your spell library contained the following spells:

 Spells                   Type           Power      Damage    Failure   Level
 Apportation              Tloc           0%         N/A       58%         1
 Scorch                   Fire           0%         2d5       75%         2
 Flame Wave               Conj/Fire      0%         2d4       100%        4
 Alistair's Intoxication  Tmut/Pois      0%         N/A       100%        5
 Summon Cactus Giant      Summ           0%         N/A       100%        6


Dungeon Overview and Level Annotations

Branches:
Dungeon (4/15)
 Temple: D:4-7

Altars:
Yredelemnul

Shops:
D:1 =

Annotations:
D:3 Robin


Innate Abilities, Weirdness & Mutations

You are immune to sickness and miasma.
Your stone body is resilient. (AC +4)
You are immune to poison.
You resist negative energy. (rN+)
You are resistant to electric shocks. (rElec)
You are resistant to unholy torment.
You are immune to petrification.


Message History

The goblin hits you but does no damage.
You hit the goblin.
You kill the goblin!
The grasping roots constrict you. Robin hits you but does no damage.
The grasping roots constrict you.
You closely miss Robin. Robin hits you with a +0 club.
The grasping roots constrict you.
* * * LOW HITPOINT WARNING * * *
The grasping roots release their grip on you.
You hit Robin.
Robin is moderately wounded.
Robin zaps a wand.
The roots erupt in riotous growth!
The grasping roots grab you!
Robin is unaffected.
The grasping roots constrict you.
* * * LOW HITPOINT WARNING * * *
You hit Robin.
Robin is heavily wounded.
Robin hits you but does no damage. The grasping roots constrict you.
Robin barely misses you. The grasping roots constrict you.
* * * LOW HITPOINT WARNING * * *
You hit Robin but do no damage.
Robin is heavily wounded.
You block Robin's attack. The grasping roots constrict you.
The roots grasp on you weakens, but your attempt to escape fails.
The hobgoblin no longer looks unusually strong.
Robin completely misses you. The grasping roots constrict you.
The grasping roots release their grip on you.
Robin roars a battlecry!
The hobgoblin goes into a battle-frenzy!
The goblin no longer looks unusually strong.
Robin zaps a wand.
The roots erupt in riotous growth!
The grasping roots grab you! The grasping roots constrict you.
Things that are here:
a +0 scythe; a +0 robe You escape the roots grasp.
Robin zaps a wand.
The roots erupt in riotous growth!
The grasping roots grab you! The grasping roots constrict you.
You die...

.....♣....# #.#
.♣♣♣♣♣.≈..# #.#
.......≈.## #.#
≈≈≈≈≈≈≈≈.##### #.#
.............# #.#
.............# #.#
.............# #.#
.........#######.#
........ggggg..)@#
.........#######.#
.........# #.#
.........# #.#
################.#
...............#.#
##############.#.#
..#....<.....#.#.#
.##.###.####.#.#.#


You could see Robin, a hobgoblin (strong) and 2 goblins.

Vanquished Creatures
  Sigmund (D:3)
  A sleepcap (D:2)
  An adder (D:3)
  2 worms (D:2)
  3 dart slugs
  2 orcs (D:3)
  6 endoplasms
  2 giant cockroaches
  7 goblins
  6 hobgoblins
  2 jackals (D:3)
  6 ball pythons
  5 bats
  2 frilled lizards
  A kobold (D:2)
  4 rats
51 creatures vanquished.

Notes
Turn   | Place    | Note
-------+----------+-------------------------------------------
     0 | D:1      | Dittersdorf the Gargoyle Fighter began the quest for the
                  | Orb.
     0 | D:1      | Reached XP level 1. HP: 14/14 MP: 1/1
   111 | D:1      | You fall into a shaft and drop 1 floor!
   227 | D:2      | Reached XP level 2. HP: 19/19 MP: 2/2
   473 | D:2      | Reached XP level 3. HP: 14/24 MP: 3/3
   644 | D:1      | Reached XP level 4. HP: 17/29 MP: 4/4
   799 | D:1      | Found Rasup's Jewellery Shoppe.
  1738 | D:3      | Found a basalt altar of Yredelemnul.
  2251 | D:4      | Noticed Sigmund
  2321 | D:3      | Killed Sigmund
  2322 | D:3      | Reached XP level 5. HP: 12/34 MP: 5/5
  2322 | D:3      | Reached XP level 6. HP: 14/39 MP: 6/6
  2383 | D:3      | Noticed Robin
  2393 | D:3      | HP: 1/39 [constriction (3)]
  2398 | D:3      | Constricted to death by Robin

Illustrated notes

Levels and vault maps discovered:
D:1:      lightli_arrival_maybe_door_vault, layout_loops_ring, serial_shops,
          shop
D:2:      layout_loops_corners, minmay_misc_feat_four_crosses,
          skrybe_limestone_x, palyth_stone_intersect, minmay_misc_feat_five
D:3:      layout_basic, mainiacjoe_overflow_brackets, uniq_robin
D:4:      layout_gridville, serial_shops,
          nicolae_shop_temple_entry_statues_fountains, serial_demonic,
          serial_demonic_b, serial_demonic_d, serial_demonic_e,
          serial_demonic_b, minmay_between, uniq_sigmund, uniq_menkaure

Skill      XL: |  1  2  3  4 |
---------------+-------------+-----
Shields        | 4 |  4.6
Armour         | 4 |  4.6
Fighting       | 4 |  4.6
Maces & Flails | 3 |  3.5

Action                     |  1- 3 |  4- 6 || total
---------------------------+-------+-------++-------
  Melee: Flail             |    63 |    97 ||   160
    Use: Potion            |       |     1 ||     1
 Armour: Scale mail        |    40 |    39 ||    79
  Dodge: Dodged            |    28 |    49 ||    77
  Block: Buckler           |    15 |    14 ||    29

Table legend: (Time is in decaauts)
 A = Elapsed time spent in this place.
 B = Non-inter-level travel time spent in this place.
 C = Inter-level travel time spent in this place.
 D = Time resting spent in this place.
 E = Time spent auto-exploring this place.
 F = Levels seen in this place.
 G = Mean time per level.
                   A        B        C        D        E       F      G
               +--------+--------+--------+--------+--------+-----+--------+
         Total |   2446 |   2390 |     56 |    128 |   1829 |   4 |  611.5 |
       Dungeon |   2446 |   2390 |     56 |    128 |   1829 |   4 |  611.5 |
               +--------+--------+--------+--------+--------+-----+--------+

Top non-repeatable levels by time:
     D:2: 980 daAuts
     D:3: 770 daAuts
     D:1: 667 daAuts
     D:4: 29 daAuts
